 Dungeon Crawl Stone Soup version 0.17-a0-1210-g1e4f09d (webtiles) character file.

448 patman the Slicer (level 7, 0/45 HPs)
             Began as a Halfling Chaos Knight on June 3, 2015.
             Slain by a harpy zombie (6 damage)
             ... on level 1 of the Abyss.
             The game lasted 00:05:14 (2149 turns).

patman the Slicer (Halfling Chaos Knight)           Turns: 2149, Time: 00:05:15

Health: 0/45       AC:  9    Str: 12    XL:     7   Next: 24%
Magic:  7/7        EV: 13    Int: 11    God:    Xom [*.....]
Gold:   80         SH:  0    Dex: 16    Spells: 0 memorised, 6 levels left

rFire  . . .     SeeInvis .     a - +0 dagger (distort)
rCold  . . .     Clarity  .     b - +2 leather armour
rNeg   . . .     SustAt   .     (shield restricted)
rPois  .         Gourm    .     u - +0 helmet
rElec  .         Spirit   .     k - +1 cloak
rCorr  .         Warding  .     (no gloves)
rMut   .         Stasis   .     h - +0 pair of boots
MR     .....                    (no amulet)
Stlth  +.........               (no ring)
                                (no ring)

@: exhausted, slowed, very slow, not resistant to hostile enchantments, very
unstealthy
A: mutation resistance 1
a: Renounce Religion


You were on level 1 of the Abyss.
You worshipped Xom.
You were a special plaything of Xom.
You were not hungry.

You visited 1 branch of the dungeon, and saw 3 of its levels.
You visited the Abyss 1 time.

You collected 80 gold pieces.

Inventory:

Hand weapons
 a - a +0 dagger of distortion (weapon)
 f - a +0 short sword of chaos
Armour
 b - a +2 leather armour (worn)
 h - a +0 pair of boots (worn)
 k - a +1 cloak (worn)
 u - a +0 helmet (worn)
Jewellery
 n - an uncursed ring of teleportation
Magical devices
 g - a wand of enslavement (6)
Scrolls
 l - a scroll of amnesia
 o - 2 scrolls of noise
 p - a scroll of recharging {unknown}
 q - a scroll of fog {unknown}
 s - a scroll of enchant armour {unknown}
 t - a scroll of teleportation {unknown}
 v - a scroll of identify
Potions
 e - a potion of heal wounds {unknown}
 i - a potion of cancellation {unknown}
 j - a potion of flight
 m - a potion of brilliance
 r - a potion of poison {unknown}
Comestibles
 c - a bread ration


   Skills:
 - Level 2.6 Fighting
 * Level 10.0 Short Blades
 - Level 2.1 Armour
 - Level 1.1 Dodging


You had 6 spell levels left.
You didn't know any spells.

Dungeon Overview and Level Annotations

Branches:
Dungeon (3/15)

Altars:
Cheibriados
Elyvilon
Fedhas
Gozag
Makhleb
Trog
Vehumet


Innate Abilities, Weirdness & Mutations

You are small and have problems with some larger weapons.
You are somewhat resistant to further mutation.


Message History

You are feeling hungry.
Eat which item? (? for menu, Esc to quit)
You continue eating. x2
You finish eating.
That bread ration really hit the spot!
You start resting.
A harpy zombie comes into view.
The harpy zombie closely misses you.
The harpy zombie claws you but does no damage. x2
The harpy zombie barely misses you.
You barely miss the harpy zombie. The harpy zombie closely misses you.
The harpy zombie closely misses you. The harpy zombie claws you.
The harpy zombie claws you!
* * * LOW HITPOINT WARNING * * *
You hit the harpy zombie.
The harpy zombie looks slightly unstable.
The harpy zombie claws you.
* * * LOW HITPOINT WARNING * * *
The harpy zombie claws you.
You die...
Xom laughs nastily!

# # ## .##
. # #. #..
.###. ...
..#. ##.# .
.# #..#...#
. #......#
. #.
#..Z##.# .
#. ####@.#
# #
.#....### #
# #...###
x# #(# . .
...### .#..
.. ...##.#.
. .#.. # #
##.. .# .
#...####ยง.
# ##.. . ..
. # # #
.#...


You could see a harpy zombie.

Vanquished Creatures
  A raiju (Abyss:1)
  2 small abominations (Abyss:1)
  A hound (D:2)
  Robin (D:2)
  2 adders (D:2)
  2 worms
  A giant gecko (D:2)
  A giant cockroach (D:2)
  12 goblins
  4 hobgoblins (D:2)
  A quokka (D:2)
  3 ball pythons
  4 bats
  2 giant newts
  5 kobolds
  11 rats
53 creatures vanquished.

Vanquished Creatures (others)
  An orc (D:3)
  A ball python (D:3)
  A giant cockroach (D:2)
  3 goblins
  A hobgoblin (D:2)
  A lurking horror (Abyss:1)
  A butterfly (D:3)
9 creatures vanquished.

Grand Total: 62 creatures vanquished

Notes
Turn   | Place    | Note
--------------------------------------------------------------
     0 | D:1      | patman the Halfling Chaos Knight began the quest for the Orb.
     0 | D:1      | Reached XP level 1. HP: 15/15 MP: 1/1
     9 | D:1      | XOM: divination: magic mapping
    98 | D:1      | Reached XP level 2. HP: 17/20 MP: 2/2
   320 | D:1      | XOM: silly message
   352 | D:1      | Reached skill level 5 in Short Blades
   672 | D:2      | Reached XP level 3. HP: 22/25 MP: 3/3
   734 | D:2      | Found a burning altar of Makhleb.
   736 | D:2      | Reached skill level 6 in Short Blades
   736 | D:2      | Reached XP level 4. HP: 30/30 MP: 4/4
   779 | D:2      | XOM: harmless Chrm miscast
   806 | D:2      | XOM: potion effect (agility)
   966 | D:2      | XOM: 1-stop teleportation journey
   969 | D:2      | Found a bloodstained altar of Trog.
   973 | D:2      | Found a snail-covered altar of Cheibriados.
   973 | D:2      | Found a blossoming altar of Fedhas.
   974 | D:2      | Found a white marble altar of Elyvilon.
   974 | D:2      | XOM: summons 2 hostile shadow creatures
   988 | D:2      | Found a radiant altar of Vehumet.
   989 | D:2      | Found an opulent altar of Gozag.
  1113 | D:2      | XOM: colour smoke trail
  1150 | D:2      | Noticed Robin
  1166 | D:2      | Killed Robin
  1433 | D:3      | XOM: medium Erth miscast
  1516 | D:3      | Reached skill level 7 in Short Blades
  1516 | D:3      | Reached XP level 5. HP: 35/35 MP: 5/5
  1784 | D:3      | Noticed a centaur
  1808 | D:3      | XOM: butterfly on damage
  1824 | D:3      | XOM is BORED!
  1824 | D:3      | XOM: medium Tloc miscast
  1824 | D:3      | Cast into the Abyss (the capriciousness of Xom)
  1879 | Abyss:1  | Noticed an ancient zyme
  1893 | Abyss:1  | XOM: confuse monster(s)
  1909 | Abyss:1  | Noticed a hellwing
  1933 | Abyss:1  | Noticed a small abomination
  1970 | Abyss:1  | Noticed a raiju
  1984 | Abyss:1  | XOM: divination: detect creatures
  2062 | Abyss:1  | Noticed an ancient zyme
  2101 | Abyss:1  | Noticed a raiju
  2102 | Abyss:1  | Noticed a raiju
  2106 | Abyss:1  | XOM: potion effect (berserk rage)
  2115 | Abyss:1  | Killed a raiju
  2115 | Abyss:1  | Reached skill level 9 in Short Blades
  2115 | Abyss:1  | Reached XP level 6. HP: 21/41 MP: 6/6
  2122 | Abyss:1  | XOM: enchant monster (good)
  2123 | Abyss:1  | Killed a small abomination
  2123 | Abyss:1  | Reached skill level 10 in Short Blades
  2123 | Abyss:1  | Reached XP level 7. HP: 23/45 MP: 7/7
  2147 | Abyss:1  | Noticed a harpy zombie
  2149 | Abyss:1  | Slain by a harpy zombie

Vault maps used:
D:1:      onia_arrival_pyramid
D:2:      minitemple, makhleb_blood_cavern_becter, uniq_robin
D:3:      serial_co_window_serial, co_window_paths_b, co_window_paths_a,
          co_window_paths_b, co_window_corner_a, co_window_paths_a,
          co_window_of_opportunity_b, co_window_unsneaky_path_a,
          co_window_corner_ca, co_window_corner_b, co_window_corner_b,
          co_window_broadway_c, co_window_corner_cb, co_window_paths_e,
          co_window_4corner_a, glass_columns_c, glass_columns_a, first_bread,
          uniq_terence

Action                   |  1- 3 |  4- 6 |  7- 9 || total
-------------------------+-------+-------+-------++-------
Melee: Short sword       |    10 |       |       ||    10
       Dagger            |    53 |   128 |     2 ||   183
  Use: Scroll            |     1 |     6 |       ||     7
       Potion            |       |     1 |       ||     1
 Stab: Sleeping          |       |     2 |       ||     2
       Paralysed         |       |     1 |       ||     1
  Eat: Pizza             |       |     1 |       ||     1
       Chunk             |       |     1 |       ||     1
       Beef jerky        |       |     1 |       ||     1
       Bread ration      |       |       |     1 ||     1
